USF versus Bersa DAK

Match 24471453
End
Selects Italian Combined Arms Battlegroup
Selects Bersaglieri Squad
Bersaglieri Squad
Kradschützen Motorcycle Team
Bersaglieri Squad
Bersaglieri Squad
Construct Light Support Kompanie
Selects Bersaglieri Bolster
Fire Support Elements
Assault Grenadier Squad
Flakvierling Half-track
Vehicle Survival Package
Veteran Squad Leaders
Construct Panzerarmee Kommand
Selects Breda Model 30 Light Machine Guns
2.5-tonne Medical Truck
.
Willaguy
0
0

Comments sign in to comment!

No comments posted yet!